Workbook

Sheet PROF - Grille de délégation
A1: GRILLE DE DELEGATION
A3: NOM DU CLIENT / GROUPE DE CLIENT
A4: BDD - MARCHE PROF
A6: MONTANT ACTUEL DES ENCOURS EN EUROS CF. ANCIENNE FICHE DE DELEGATION AUTOMATISEE
A7: 0
A8: DONT ENCOURS RISQUE 2* EN EUROS
A9: 0
A11: Essentiel à la bonne détermination du niv. délégataire, l'instructeur certifie avoir vérifié le périmètre du groupe, au besoin, mis à jour au préalable la qualité des données dans le SI (relations économiques, grappage …)
A13: TOTAL DES NOUVELLES DEMANDES EN EUROS MONTANTS A RENSEIGNER DANS L'ONGLET DEMANDE(S)
A14: ='PROF - Demande(s)'!D21 -> 0
A15: DONT ENCOURS RISQUE 2* EN EUROS
A16: ='PROF - Demande(s)'!H21 -> 0
A18: TOTAL ENCOURS Y COMPRIS NOUVELLE(S) DEMANDE(S) EN KE
A19: =A7+A14 -> 0
A20: DONT ENCOURS RISQUE 2* EN KE
A21: =A9+A16 -> 0
A23: NOTE DE REFERENCE (NIO / NIE) POUR L'APPLICATION DU SCHEMA DELEGATAIRE
A24: 001 PROF
A25: Commentaire(s) sur la note (cf. SD) utilisée →
A27: Interdits / restrictions / exclusions … du ressort délégataire du Siège (DCE / Comité / Directoire) | B27: Réponse | C27: Délégataire Minimum
A28: Secteurs interdits en entrée en relation / financement en faveur de contreparties le cas échéant déjà clientes opérant sur un secteur interdit (cf. Schéma délégataire) | B28: NON | C28: Directoire
A29: Clients scoré rouge visés par une restriction (cf. Schéma Délégataire) et faisant l'objet d'un avis défavorable (véto) de la part du Service LAB | B29: NON | C29: Directoire
A30: Secteur du THR (codes NAF THR : cf. Annexe au SD). A l'octroi, tout dossier de reprise / transmission de FDC ou de parts de sociétés d'exploitation dès lors que l’apport en FP est < à 20% du budget hors BFR et qu’il n'y a pas de garantie caution mutuelle (Saccef, GIE Garantie Entreprise, BPI, Siagi, France Active, FEI ...) | B30: NON | C30: DCE
A31: Secteur du THR (codes NAF THR : cf. Annexe au SD). A l'octroi, tout dossier de création > 150 K€ (FDC, parts et murs) | B31: NON | C31: DCE
A32: Secteur de la Grande Distribution - Financement visé par les Restrictions de la Politique Risque Grande Distribution (cf. Annexe au SD) | B32: NON | C32: Comité
A33: Client inscrit sur la Watch List (Niveau 1, 2 et 3) | B33: NON | C33: DCE
A34: Client / Propect (Entrepreneur Individuel, Profession Libérale, Personne Morale) fiché FCC à la Banque de France | B34: NON | C34: Comité
A35: Client / Prospect dont le dirigeant est coté FIBEN 050 ou 060 | B35: NON | C35: Comité
A36: Client / prospect dont la cote Banque de France FIBEN est dégradée : 8-9-P | B36: NON | C36: Comité
A37: Client / prospect en RJ ou LJ, ou faisant l'objet d'une procédure amiable (mandat ad hoc, conciliation, sauvegarde) | B37: NON | C37: Comité
A38: Client présentant des éléments financiers trop anciens, remontant à plus de 21 mois | B38: NON | C38: Comité
... A51: Restrictions BPCE autres [financement du transport aérien, du transport maritime de fret, des activités de transport de passagers (fluvial ou maritime), de bateaux de croisière, des chantiers navals, de la production audiovisuelle nationale, de la production cinématographique nationale, financement par remboursement in fine (total ou partiel) aux distributeurs automobiles ou fournisseurs ... financement 100 % IN FINE à une contrepartie Non Investment Grade ... cf. Schéma Délégataire) du ressort délégataire du Comité des Engagements ou du Directoire | B51: NON | C51: Comité
A53: L'instructeur certifie avoir passé en revue, un à un, les interdits / restrictions / exclusions du ressort délégataire du Siège, ci-dessus mentionnés
A55: NIVEAU DELEGATAIRE
A56: ="NIVEAU "&'Calcul niveau'!E1 -> NIVEAU 1
A58: Pour les dossiers du ressort du Siège, la présente grille de délégation (fichier excel) est à joindre avec l'ancienne fiche de délégation automatisée (tableau de recensement des encours) au mail d'envoi du dossier sous DEFI.
A60: Opération du ressort exclusif du DCM PRO (dans le cadre de ses propres délégation) → EER et octroi en faveur de Stés de moins de 3 ans du secteur du BTP Opération du ressort exclusif de la Direction de Marché → ouverture du service SDD

Sheet PROF - Demande(s)
B2: DETAIL DES NOUVELLES DEMANDES
B4: Emprunteur | C4: Type de financement | D4: Montant en € | E4: Nature de financement / Garantie de type 3* | F4: Autre(s) Garantie(s) | G4: Classification en
G5: Risque 3* | H5: Risque 2*
G6: =IF(E6="PGE - montant pondéré à 10% classé en 2*",0,IF(E6="",0,D6)) -> 0 | H6: =D6-G6 -> 0
G7: =IF(E7="PGE - montant pondéré à 10% classé en 2*",0,IF(E7="",0,D7)) -> 0 | H7: =D7-G7 -> 0
G8: =IF(E8="PGE - montant pondéré à 10% classé en 2*",0,IF(E8="",0,D8)) -> 0 | H8: =D8-G8 -> 0
G9: =IF(E9="PGE - montant pondéré à 10% classé en 2*",0,IF(E9="",0,D9)) -> 0 | H9: =D9-G9 -> 0
G10: =IF(E10="PGE - montant pondéré à 10% classé en 2*",0,IF(E10="",0,D10)) -> 0 | H10: =D10-G10 -> 0
G11: =IF(E11="PGE - montant pondéré à 10% classé en 2*",0,IF(E11="",0,D11)) -> 0 | H11: =D11-G11 -> 0
G12: =IF(E12="PGE - montant pondéré à 10% classé en 2*",0,IF(E12="",0,D12)) -> 0 | H12: =D12-G12 -> 0
G13: =IF(E13="PGE - montant pondéré à 10% classé en 2*",0,IF(E13="",0,D13)) -> 0 | H13: =D13-G13 -> 0
G14: =IF(E14="PGE - montant pondéré à 10% classé en 2*",0,IF(E14="",0,D14)) -> 0 | H14: =D14-G14 -> 0
G15: =IF(E15="PGE - montant pondéré à 10% classé en 2*",0,IF(E15="",0,D15)) -> 0 | H15: =D15-G15 -> 0
G16: =IF(E16="PGE - montant pondéré à 10% classé en 2*",0,IF(E16="",0,D16)) -> 0 | H16: =D16-G16 -> 0
G17: =IF(E17="PGE - montant pondéré à 10% classé en 2*",0,IF(E17="",0,D17)) -> 0 | H17: =D17-G17 -> 0
... G20: =IF(E20="PGE - montant pondéré à 10% classé en 2*",0,IF(E20="",0,D20)) -> 0 | H20: =D20-G20 -> 0
B21: TOTAL | D21: =SUM(D6:D20) -> 0 | G21: =SUM(G6:G20) -> 0 | H21: =SUM(H6:H20) -> 0
B23: Aide à la saisie
B24: - En cas de type de financement "CT - Escompte / Dailly" ou "MLT - LLD / CBM / CBI (Risque CEGEE)" → renseigner "Nature de Financement (cf SD) de type 3*" en colonne E - En cas de financement "MLT - LLD / CBM / CBI (Risque CEGEE)" → saisir uniquement la part en risque CEGEE dans la colonne D - En cas de financement immobilier garanti à 100% par la SACCEF → pondérer (saisir) le financement à hauteur de 75% dans la colonne D → renseigner "Saccef Immo 100% - Financt pondéré à 75%" en colonne E - En cas de PGE → pondérer (saisir) le financement à hauteur de 10% du montant du PGE dans la colonne D → laisser la colonne E à vide (les 10% de risque seront classés en risque 2*)
B26: Instructeur - Remarques / précisions éventuelles (Alt + Enter pour aller à la ligne)

Sheet Types Financements
B1: Type financement
B3: CT - FC / DEC / OC / LTI
B4: CT - Escompte / Dailly
B5: CT - CREDOC / MCNE
B6: CT - EPS / GAPD
B7: CT - Contre-Garantie Natixis/CEGC/BPI
B8: CT - Crédit Vieillissement ≤ 1 an
B9: CT - Ligne de couverture de change
B10: CT - Autre
B11: CT/MLT - Relais TVA
B12: CT/MLT - Relais Subventions
B13: MLT - Amortissable
... B20: MLT - Autre

Sheet Garantie 3 Etoiles
B1: Type financement
B3: Nature de Financement (cf SD) de type 3*
B4: Contre-Garantie ≥ 30%
B5: Saccef Immo 100% - Financt pondéré à 75%
B6: Hypothèque / PPD à 100%
B7: Nantissement placement ≥ 50%
B8: Warrant 100%
B9: Gage 100% sur bouteille avec dépossesion
B10: France Agrimer 100%

Sheet Calcul niveau
A1: Réponses aux questions | B1: =IF(OR('PROF - Grille de délégation'!B28="oui",'PROF - Grille de délégation'!B29="oui",'PROF - Grille de délégation'!B30="oui",'PROF - Grille de délégation'!B31="oui",'PROF - Grille de délégation'!B32="oui",'PROF - Grille de délégation'!B33="oui",'PROF - Grille de délégation'!B34="oui",'PROF - Grille de délégation'!B35="oui",'PROF - Grille de délégation'!B36="oui",'PROF - Grille de délégation'!B37="oui",'PROF - Grille de délégation'!B38="oui",'PROF - Grille de délégation'!B39="oui",'PROF - Grille de délégation'!B40="oui",'PROF - Grille de délégation'!B41="oui",'PROF - Grille de délégation'!B42="oui",'PROF - Grille de délégation'!B43="oui",'PROF - Grille de délégation'!B44="oui",'PROF - Grille de délégation'!B45="oui",'PROF - Grille de délégation'!B46="oui",'PROF - Grille de délégation'!B47="oui",'PROF - Grille de délégation'!B48="oui",'PROF - Grille de délégation'!B49="oui",'PROF - Grille de délégation'!B50="oui",'PROF - Grille de délégation'!B51="oui"),5,0) -> 0 | D1: =IF(B1=0,"x",B1) -> x | E1: =IF(MAX(D1,D2,D3,D4,D5,D6,D7,D8,D9,D10,D11,D12)=5,"DCE / COMITE / DIRECTOIRE",MIN(D1,D2,D3,D4,D5,D6,D7,D8,D9,D10,D11,D12)) -> 1
A2: NIE 1 à 12 | B2: {=IF(OR('PROF - Grille de délégation'!A24:B24="001 PROF",'PROF - Grille de délégation'!A24:B24="002 PROF",'PROF - Grille de délégation'!A24:B24="003 PROF",'PROF - Grille de délégation'!A24:B24="004 PROF",'PROF - Grille de délégation'!A24:B24="005 PROF",'PROF - Grille de délégation'!A24:B24="006 PROF",'PROF - Grille de délégation'!A24:B24="001 CORP",'PROF - Grille de délégation'!A24:B24="002 CORP",'PROF - Grille de délégation'!A24:B24="003 CORP",'PROF - Grille de délégation'!A24:B24="004 CORP",'PROF - Grille de délégation'!A24:B24="005 CORP",'PROF - Grille de délégation'!A24:B24="006 CORP",'PROF - Grille de délégation'!A24:B24="007 CORP",'PROF - Grille de délégation'!A24:B24="008 CORP",'PROF - Grille de délégation'!A24:B24="009 CORP",'PROF - Grille de délégation'!A24:B24="010 CORP",'PROF - Grille de délégation'!A24:B24="011 CORP",'PROF - Grille de délégation'!A24:B24="012 CORP"),1,0)} -> 1 | D2: =IF(AND($B$2=1,'PROF - Grille de délégation'!$A$19<=300000,'PROF - Grille de délégation'!$A$21<=150000),1,"x") -> 1
A3: NIO 1 à 6 | D3: =IF(AND($B$2=1,'PROF - Grille de délégation'!$A$19<=600000,'PROF - Grille de délégation'!$A$21<=300000),2,"x") -> 2
D4: =IF(AND($B$2=1,'PROF - Grille de délégation'!$A$19<=1000000,'PROF - Grille de délégation'!$A$21<=500000),3,"x") -> 3
D5: =IF(AND($B$2=1,OR('PROF - Grille de délégation'!$A$19>1000000,'PROF - Grille de délégation'!$A$21>500000)),5,"x") -> x
A6: NIE 13 à 14 | B6: {=IF(OR('PROF - Grille de délégation'!A24:B24="007 PROF",'PROF - Grille de délégation'!A24:B24="008 PROF",'PROF - Grille de délégation'!A24:B24="013 CORP",'PROF - Grille de délégation'!A24:B24="014 CORP",'PROF - Grille de délégation'!A24:B24="NN"),1,0)} -> 0 | D6: =IF(AND($B$6=1,'PROF - Grille de délégation'!$A$19<=150000,'PROF - Grille de délégation'!$A$21<=75000),1,"x") -> x
A7: NIO 7 à 8 | D7: =IF(AND($B$6=1,'PROF - Grille de délégation'!$A$19<=300000,'PROF - Grille de délégation'!$A$21<=150000),2,"x") -> x
A8: NN | D8: =IF(AND($B$6=1,'PROF - Grille de délégation'!$A$19<=600000,'PROF - Grille de délégation'!$A$21<=300000),3,"x") -> x
D9: =IF(AND($B$6=1,OR('PROF - Grille de délégation'!$A$19>600000,'PROF - Grille de délégation'!$A$21>300000)),5,"x") -> x
A10: NIO 9 | B10: {=IF(OR('PROF - Grille de délégation'!A24:B24="009 PROF"),1,0)} -> 0 | D10: =IF(AND($B$10=1,'PROF - Grille de délégation'!$A$19<=200000,'PROF - Grille de délégation'!$A$21<=100000),3,"x") -> x
D11: =IF(AND($B$10=1,OR('PROF - Grille de délégation'!$A$19>200000,'PROF - Grille de délégation'!$A$21>100000)),5,"x") -> x
A12: NIE 15 à 16 | B12: {=IF(OR('PROF - Grille de délégation'!A24:B24="010 PROF",'PROF - Grille de délégation'!A24:B24="015 CORP",'PROF - Grille de délégation'!A24:B24="016 CORP",'PROF - Grille de délégation'!A24:B24="DX",'PROF - Grille de délégation'!A24:B24="CX",'PROF - Grille de délégation'!A24:B24="RX",),1,0)} -> 0 | D12: =IF(B12=0,"x",5) -> x
A13: NIO 10
A14: DX CX RX

Sheet Liste notes
B1: Notes
B2: 001 PROF
B3: 002 PROF
B4: 003 PROF
B5: 004 PROF
B6: 005 PROF
B7: 006 PROF
B8: 007 PROF
B9: 008 PROF
B10: 009 PROF
B11: 010 PROF
B12: NN
... B31: CX

Sheet Liste Réponse Questions
B2: Réponses
B3: OUI
B4: NON
